 Dungeon Crawl Stone Soup version 0.29-a0-551-gffc1d7fb78 (webtiles) character file.

Game seed: 9656828629432538273

581 lorenzova the Magician (level 7, 0/36 HPs)
             Began as a Deep Elf Conjurer on June 5, 2022.
             Was an Initiate of Vehumet.
             Slain by Pargi (3 damage)
             ... on level 3 of the Dungeon.
             The game lasted 00:04:48 (4069 turns).

lorenzova the Magician (Deep Elf Conjurer)          Turns: 4069, Time: 00:04:49

Health: 0/36       AC:  2    Str: 10    XL:     7   Next: 13%
Magic:  13/20      EV: 12    Int: 25    God:    Vehumet [......]
Gold:   146        SH:  0    Dex: 13    Spells: 18/21 levels left

rFire   . . .      SeeInvis .   (no weapon)
rCold   . . .      Faith    .   (no shield)
rNeg    . . .      Spirit   .   a - +0 robe
rPois   .          Reflect  .   (no helmet)
rElec   .          Harm     .   (no cloak)
rCorr   +          Rampage  .   (no gloves)
Will    .....                   (no boots)
Stlth   ++........              (no amulet)
HPRegen 0.12/turn               h - +6 ring of strength
MPRegen 0.17/turn               k - ring of resist corrosion

@: no status effects
A: no striking features
a: Renounce Religion


You were on level 3 of the Dungeon.
You worshipped Vehumet.
Vehumet was noncommittal.
You visited 1 branch of the dungeon, and saw 4 of its levels.

You collected 146 gold pieces.

Inventory:

Armour
 a - a +0 robe (worn)
Jewellery
 h - a +6 ring of strength (left hand)
 k - a ring of resist corrosion (right hand)
 l - a +6 ring of dexterity
Wands
 j - a wand of polymorph (7)
Scrolls
 d - 2 scrolls of fear
 e - a scroll of enchant armour {unknown}
 f - a scroll of identify {unknown}
Potions
 b - a potion of magic
 c - 2 potions of heal wounds {unknown}
 g - a potion of invisibility {unknown}
 i - a potion of degeneration {unknown}
 m - a potion of curing {unknown}


   Skills:
 - Level 2.4 Dodging
 - Level 2.4 Stealth
 + Level 7.6 Spellcasting
 + Level 7.4 Conjurations


You had 18 spell levels left.
You knew the following spells:

 Your Spells              Type           Power      Damage    Failure   Level
a - Magic Dart            Conj           100%       1d8       1%          1
b - Searing Ray           Conj           92%        2d7       1%          2

Your spell library contained the following spells:

 Spells                   Type           Power      Damage    Failure   Level
 Dazzling Flash           Conj/Hex       56%        N/A       4%          3
 Apportation              Tloc           18%        N/A       6%          1
 Beastly Appendage        Tmut           18%        N/A       6%          1
 Necrotize                Necr           36%        1d5       6%          1
 Summon Small Mammal      Summ           36%        N/A       6%          1
 Wereblood                Tmut           9%         N/A       10%         2
 Fulminant Prism          Conj/Hex       14%        3d9       14%         4
 Iskenderun's Mystic Bla  Conj/Tloc      28%        2d7       14%         4
 Spider Form              Tmut/Pois      9%         N/A       19%         3


Dungeon Overview and Level Annotations

Branches:
Dungeon (4/15)
 Temple: D:4-7

Altars:
Ashenzari
Dithmenos
Gozag
Nemelex Xobeh
Sif Muna
Vehumet

Annotations:
D:3 Pargi
D:4 Dowan, Duvessa


Message History

You climb upwards.
Level annotation: Pargi
There is a stone staircase leading down here.
Pargi is nearby!
Casting: Magic Dart (safe; 1% risk of failure)
Confirm with . or Enter, or press ? or * to list all spells.
Aiming: Searing Ray (safe; 1% risk of failure)
Press: ? - help, Shift-Dir - straight line, f - Pargi
Aim: Pargi (asleep, 100% to hit)
The searing ray hits Pargi!
Pargi is moderately wounded.
Pargi shouts! (Press . to maintain the ray.)
The searing ray hits Pargi.
Pargi is moderately wounded.
The searing ray hits Pargi!
Pargi is heavily wounded.
Pargi bites you. Pargi closely misses you. Pargi claws you.
The searing ray hits Pargi.
Pargi is severely wounded.
You finish channelling your searing ray.
Pargi barely misses you. Pargi claws you. Pargi closely misses you.
Casting: Searing Ray (safe; 1% risk of failure)
Confirm with . or Enter, or press ? or * to list all spells.
Aiming: Searing Ray (safe; 1% risk of failure)
Press: ? - help, Shift-Dir - straight line, f/p - Pargi
Aim: Pargi (severely wounded, 77% to hit)
The searing ray hits Pargi!
Pargi is almost dead. (Press . to maintain the ray.) Pargi bites you!
Pargi claws you. x2
The searing ray hits Pargi.
Pargi is almost dead.
Pargi clenches his teeth.
Pargi bites you!
* * * LOW HITPOINT WARNING * * *
Pargi claws you.
* * * LOW HITPOINT WARNING * * *
Pargi claws you.
You die...

#.......#.###.# #.#
#.#...........#########.#
#########..##...........#
#..##...........#
#..##...........##
#.............(<..
#.#.#..........###
#.#............'..
#@#.#..........###
......T.#............#
#.#.....#............#
#.....#............#
#####.#.#>##########
#.#.###
#.#.##############
#.#.#.............
#.#.#.############


You could see Pargi.

Vanquished Creatures
  Grinder (D:3)
  A black bear (D:4)
  A necrophage (D:3)
  A scorpion (D:4)
  A hound (D:4)
  An iguana (D:4)
  An orc wizard (D:3)
  An adder (D:3)
  A worm (D:4)
  2 dart slugs
  6 orcs (D:3)
  12 endoplasms
  A giant cockroach (D:1)
  6 goblins (D:1)
  5 hobgoblins
  6 jackals (D:1)
  3 kobolds
  A quokka (D:2)
  4 ball pythons
  5 bats
  4 frilled lizards
  5 rats
69 creatures vanquished.

Notes
Turn   | Place    | Note
-------+----------+-------------------------------------------
     0 | D:1      | lorenzova the Deep Elf Conjurer began the quest for the
                  | Orb.
     0 | D:1      | Reached XP level 1. HP: 10/10 MP: 6/6
   233 | D:1      | Reached XP level 2. HP: 15/15 MP: 4/8
   732 | D:1      | Reached skill level 5 in Conjurations
   793 | D:1      | Reached XP level 3. HP: 19/19 MP: 8/10
   796 | D:1      | Learned a level 2 spell: Searing Ray
  1704 | D:2      | Found an opulent altar of Gozag.
  1876 | D:2      | Found a faded altar of an unknown god.
  2081 | D:3      | Noticed Grinder
  2305 | D:3      | Noticed a necrophage
  2314 | D:3      | Killed a necrophage
  2315 | D:3      | Reached skill level 5 in Spellcasting
  2315 | D:3      | Reached XP level 4. HP: 15/24 MP: 2/13
  2554 | D:3      | Found a broken altar of Ashenzari.
  2765 | D:3      | Reached XP level 5. HP: 28/28 MP: 11/14
  2795 | D:3      | Found a shadowy altar of Dithmenos.
  2983 | D:3      | Killed Grinder
  2984 | D:3      | Reached XP level 6. HP: 32/32 MP: 6/17
  3172 | D:3      | Noticed Pargi
  3411 | D:4      | Reached XP level 7. HP: 36/36 MP: 15/19
  3627 | D:4      | Found a faded altar of an unknown god.
  3627 | D:4      | Found a radiant altar of Vehumet.
  3759 | D:4      | Found a faded altar of an unknown god.
  3778 | D:4      | Became a worshipper of Vehumet
  3782 | D:4      | Found a sparkling altar of Nemelex Xobeh.
  3784 | D:4      | Found a shimmering blue altar of Sif Muna.
  3980 | D:4      | Noticed Duvessa
  3980 | D:4      | Noticed Dowan
  4069 | D:3      | Slain by Pargi

Illustrated notes

Levels and vault maps discovered:
D:1:      dpeg_arrival_subterranean_lakeside_camping, layout_basic,
          corexii_leaking_fountain, hangedman_decor_riveting, hex_large
D:2:      layout_rooms, basic_altar, chequers_ecumenical_altar_twisty,
          kennysheep_decorative_pillar
D:3:      layout_basic, nicolae_ashenzari_panopticon,
          mainiacjoe_overflow_alcove_4, nicolae_dithmenos_shadow_blocks,
          minmay_puff, uniq_grinder, uniq_pargi
D:4:      layout_loops_ring, chequers_temple_overflow_minitemple, uniq_duvessa

Skill      XL: |  1  2  3  4  5  6 |
---------------+-------------------+-----
Spellcasting   | 4 5 6 7 |  7.6
Conjurations   | 5 6 7 |  7.4
Dodging        | |  2.4
Stealth        | |  2.4

Action                   |  1- 3 |  4- 6 |  7- 9 || total
-------------------------+-------+-------+-------++-------
 Cast: Magic Dart        |    80 |    23 |     6 ||   109
       Searing Ray       |     3 |     7 |     4 ||    14
  Use: Scroll            |     5 |       |       ||     5
Dodge: Dodged            |     8 |       |     3 ||    11

Table legend: (Time is in decaauts)
 A = Elapsed time spent in this place.
 B = Non-inter-level travel time spent in this place.
 C = Inter-level travel time spent in this place.
 D = Time resting spent in this place.
 E = Time spent auto-exploring this place.
 F = Levels seen in this place.
 G = Mean time per level.
                   A        B        C        D        E       F      G
               +--------+--------+--------+--------+--------+-----+--------+
         Total |   4070 |   4025 |     45 |   1706 |   1905 |   4 | 1017.5 |
       Dungeon |   4070 |   4025 |     45 |   1706 |   1905 |   4 | 1017.5 |
               +--------+--------+--------+--------+--------+-----+--------+

Top non-repeatable levels by time:
     D:1: 1359 daAuts
     D:3: 1108 daAuts
     D:4: 809 daAuts
     D:2: 793 daAuts
